 Dungeon Crawl Stone Soup version 0.20-a0-1126-g0f15420 (webtiles) character file.

7398 Deathtrap2010 the Cleaver (level 10, 0/77 HPs)
             Began as a Demonspawn Fighter on May 17, 2017.
             Was a Priest of Qazlal.
             Asphyxiated
             ... on level 10 of the Dungeon.
             The game lasted 00:39:26 (8712 turns).

Deathtrap2010 the Cleaver (Demonspawn Fighter)      Turns: 8712, Time: 00:39:27

Health: 0/77       AC: 21    Str: 20    XL:     10   Next: 92%
Magic:  13/13      EV:  2    Int: 15    God:    Qazlal [***...]
Gold:   385        SH: 12    Dex: 12    Spells: 9/9 levels left

rFire    + . .     SeeInvis +   a - +4 war axe
rCold    + . .     Gourm    .   c - +1 shield
rNeg     . . .     Faith    .   n - +0 plate armour
rPois    .         Spirit   .   (no helmet)
rElec    .         Reflect  .   i - +0 cloak
rCorr    .         Harm     .   (no gloves)
MR       .....                  j - +0 pair of boots
Stlth    ..........             (no amulet)
Regen    0.3/turn               d - +5 ring of intelligence
MPRegen  0.2/turn               b - ring of wizardry

@: lethally poisoned (0 -> -12), sanguine armour, extremely drained
A: talons 2, see invisible, cold resistance 1, fire resistance 1, mutation
resistance 1, sense surroundings 1, flame cloud immunity, sanguine armour 2
a: Upheaval, Elemental Force, Renounce Religion


You were on level 10 of the Dungeon.
You worshipped Qazlal.
Qazlal was most pleased with you.
You were not hungry.

You visited 2 branches of the dungeon, and saw 11 of its levels.

You collected 385 gold pieces.

Inventory:

Hand Weapons
 a - a +4 war axe (weapon)
Armour
 c - a +1 shield (worn)
 i - a +0 cloak (worn)
 j - a +0 pair of boots (worn)
 n - a +0 plate armour (worn)
Jewellery
 b - a ring of wizardry (right hand)
 d - a +5 ring of intelligence (left hand)
Wands
 l - a wand of flame (48/48)
Scrolls
 f - 5 scrolls of remove curse
 k - 3 scrolls of identify
Potions
 p - a potion of flight
Comestibles
 g - 6 meat rations
 h - 3 royal jellies
 o - a fruit
 s - 2 bread rations


   Skills:
 * Level 6.5(0.0) Fighting
 * Level 9.8(0.0) Axes
 * Level 6.4(0.0) Armour
 * Level 4.8(0.0) Dodging
 * Level 7.0(0.0) Shields
 - Level 4.5(0.0) Evocations


You had 9 spell levels left.
You didn't know any spells.

Dungeon Overview and Level Annotations

Branches:
Dungeon (10/15)            Temple (1/1) D:4
   Lair: D:8-11         Orc: D:9-12

Altars:
Ashenzari
Cheibriados
Dithmenos
Elyvilon
Fedhas
Gozag
Hepliaklqana
Kikubaaqudgha
Makhleb
Nemelex Xobeh
Okawaru
Qazlal
Ru
Sif Muna
Trog
Uskayaw
Vehumet
Wu Jian
Xom
Yredelemnul
Zin
The Shining One

Shops:
D:9 [

Annotations:
D:10 Sonja


Innate Abilities, Weirdness & Mutations

You have razor-sharp toenails.
Your flesh is heat resistant. (rF+)
You are immune to clouds of flame.
When seriously injured, your bleeding wounds create thick armour. (AC +9)
You have supernaturally acute eyesight. (SInv)
Your flesh is cold resistant. (rC+)
You are somewhat resistant to further mutation.
You passively map a small area around you.


Message History

You feel drained. Sonja hits you but does no damage.
You feel drained. Sonja hits you but does no damage.
You feel drained. You block Sonja's attack. Sonja hits you but does no damage.
You feel drained. Sonja barely misses you. Sonja hits you but does no damage.
You feel drained. You block Sonja's attack. x2
You miss Sonja.
Sonja hits you with an uncursed dagger of draining.
* * * LOW HITPOINT WARNING * * *
You feel drained. You block Sonja's attack. Sonja hits you but does no damage.
You feel drained. Sonja hits you but does no damage.
You feel drained. Sonja hits you but does no damage.
You feel drained. You block Sonja's attack.
You completely miss Sonja.
Sonja mumbles some strange words.
Sonja blinks!
You see here a royal jelly.
Sonja unwields an uncursed dagger of draining.
Sonja wields an uncursed blowgun.
Sonja shoots a curare-tipped needle.
The curare-tipped needle hits you.
You are lethally poisoned!
You have difficulty breathing.
You die...

, #.............# * ,
* #....#.##.....# ,
#..####.###... ,,, ,
* #..#.#(#.#.. . ,
,...###.#.#.# , ,,
###.##.#K#§### * * *
** #..#.#(#(#.K# *
#..##%#.#.### #######
#...@#.#.#.# #.....#
#...###.###.. *
##.....# #.....###
....
.y..##.######(.....,,
...#
##.H...H..†........ *
####
#...#.############
#.###.# #.....#
#######


You could see Sonja.

Vanquished Creatures
  A two-headed ogre (D:9)
  The ghost of grandjackal the Destroyer, a journeyman TeCj of Vehumet (D:10)
  A queen bee (D:10)
  A hippogriff (D:10)
  6 yaks
  Eustachio (D:4)
  A hungry ghost (D:9)
  2 water moccasins
  Duvessa (D:7)
  2 porcupines (D:8)
  3 orc warriors
  2 sky beasts (D:9)
  2 phantoms
  A black bear (D:9)
  A hornet zombie (D:7)
  A necrophage (D:10)
  The ghost of Trogdor666 the Ruffian, an amateur TrEn of Yredelemnul (D:3)
  2 ice beasts
  7 ogres
  2 centaurs
  2 bullfrogs
  A big kobold (D:10)
  A water moccasin zombie (D:7)
  A water moccasin skeleton (D:9)
  Dowan (D:7)
  A scorpion (D:5)
  15 killer bees (D:10)
  A centaur zombie (D:5)
  A bullfrog zombie (D:10)
  A quasit (D:7)
  4 hounds
  3 orc priests
  A bullfrog skeleton (D:6)
  2 jellies
  A centaur skeleton (D:8)
  6 orc wizards
  Crazy Yiuf (D:2)
  Ijyb (D:5)
  4 iguanas
  6 worker ants
  A hound skeleton (D:8)
  A worker ant zombie (D:6)
  6 adders
  An adder skeleton (D:4)
  A worm (D:2)
  9 leopard geckos
  19 orcs
  4 giant cockroaches
  7 goblins
  6 hobgoblins
  14 jackals
  14 kobolds
  A quokka (D:2)
  3 ball pythons
  6 bats
  10 frilled lizards
  A leopard gecko zombie (D:5)
  A quokka zombie (D:6)
  4 rats
  3 fungi (D:8)
  A plant (D:8)
206 creatures vanquished.

Notes
Turn   | Place    | Note
-------+----------+-------------------------------------------
     0 | D:1      | Deathtrap2010 the Demonspawn Fighter began the quest for the Orb.
     0 | D:1      | Reached XP level 1. HP: 18/18 MP: 1/1
   350 | D:1      | Gained mutation: Your flesh is heat resistant. (rF+) [demonic ancestry]
   350 | D:1      | Reached XP level 2. HP: 24/24 MP: 2/2
   580 | D:1      | Reached skill level 1 in Dodging
   747 | D:1      | Reached skill level 2 in Axes
   747 | D:1      | Gained mutation: You are immune to clouds of flame. [demonic ancestry]
   747 | D:1      | Reached XP level 3. HP: 21/29 MP: 3/3
  1620 | D:2      | Found a runed door.
  1625 | D:2      | Noticed Crazy Yiuf
  1628 | D:2      | Killed Crazy Yiuf
  1628 | D:2      | Reached XP level 4. HP: 30/35 MP: 4/4
  2096 | D:3      | Noticed Trogdor666's ghost (amateur TrEn)
  2134 | D:3      | Killed Trogdor666's ghost
  2134 | D:3      | Reached skill level 3 in Axes
  2134 | D:3      | Reached XP level 5. HP: 15/42 MP: 5/5
  2618 | D:4      | Gained mutation: When seriously injured, your bleeding wounds create armour. (AC +9) [demonic ancestry]
  2618 | D:4      | Reached XP level 6. HP: 48/48 MP: 6/6
  2671 | D:4      | Noticed Eustachio
  2718 | D:4      | Killed Eustachio
  2718 | D:4      | Reached skill level 4 in Axes
  2766 | D:4      | Found a staircase to the Ecumenical Temple.
  2785 | Temple   | Entered the Ecumenical Temple
  3060 | Temple   | Became a worshipper of Qazlal Stormbringer
  3279 | D:4      | Found an ornate altar of the Wu Jian Council.
  3508 | D:5      | Entered Level 5 of the Dungeon
  3622 | D:5      | Gained mutation: You have sharp toenails. [demonic ancestry]
  3622 | D:5      | Reached XP level 7. HP: 51/54 MP: 7/7
  3800 | D:5      | Reached skill level 5 in Axes
  4159 | D:5      | Noticed Ijyb
  4174 | D:5      | Killed Ijyb
  4334 | D:6      | Gained mutation: When seriously injured, your bleeding wounds create thick armour. (AC +9) [demonic ancestry]
  4334 | D:6      | Reached XP level 8. HP: 60/61 MP: 8/8
  4531 | D:6      | Gained mutation: You have a beak for a mouth. [potion of mutation]
  4531 | D:6      | Gained mutation: You are agile. (Dex +2) [potion of mutation]
  4531 | D:6      | Gained mutation: You are occasionally teleported next to monsters. [potion of mutation]
  4531 | D:6      | Gained mutation: You evolve. [potion of mutation]
  4553 | D:6      | Reached skill level 6 in Axes
  4553 | D:6      | Reached skill level 1 in Evocations
  4692 | D:6      | Found a shimmering altar of Xom.
  4710 | D:6      | Reached * piety under Qazlal
  4828 | D:6      | Found a shadowy altar of Dithmenos.
  4965 | D:7      | Found a snail-covered altar of Cheibriados.
  4991 | D:7      | Reached skill level 5 in Fighting
  5052 | D:7      | Noticed Duvessa
  5052 | D:7      | Noticed Dowan
  5062 | D:7      | Killed Dowan
  5079 | D:7      | Killed Duvessa
  5243 | D:7      | Reached skill level 5 in Shields
  5501 | D:7      | Reached skill level 7 in Axes
  5501 | D:7      | Gained mutation: You have razor-sharp toenails. [demonic ancestry]
  5501 | D:7      | Reached XP level 9. HP: 67/68 MP: 10/10
  5518 | D:7      | Reached skill level 5 in Armour
  5850 | D:8      | Found a hide-covered altar of Uskayaw.
  6039 | D:8      | Reached ** piety under Qazlal
  6404 | D:9      | Reached skill level 8 in Axes
  6461 | D:9      | Lost mutation: You are agile. (Dex +2) [potion of mutation]
  6461 | D:9      | Lost mutation: You evolve. [potion of mutation]
  6461 | D:9      | Lost mutation: You are occasionally teleported next to monsters. [potion of mutation]
  6461 | D:9      | Gained mutation: Your flesh is cold resistant. (rC+) [potion of mutation]
  6461 | D:9      | Gained mutation: Your mind is acute. (Int +2) [potion of mutation]
  6461 | D:9      | Gained mutation: Your spells are a little harder to cast, but a little more powerful. [potion of mutation]
  6462 | D:9      | Lost mutation: You have a beak for a mouth. [potion of mutation]
  6462 | D:9      | Lost mutation: Your spells are a little harder to cast, but a little more powerful. [potion of mutation]
  6462 | D:9      | Lost mutation: Your mind is acute. (Int +2) [potion of mutation]
  6462 | D:9      | Gained mutation: You are somewhat resistant to further mutation. [potion of mutation]
  6462 | D:9      | Gained mutation: You passively map a small area around you. [potion of mutation]
  6462 | D:9      | Gained mutation: You have supernaturally acute eyesight. (SInv) [potion of mutation]
  6718 | D:9      | Found an opulent altar of Gozag.
  6721 | D:9      | Found a hazy altar of Hepliaklqana.
  6726 | D:9      | Found a basalt altar of Yredelemnul.
  6816 | D:9      | Noticed a two-headed ogre
  6838 | D:9      | Reached XP level 10. HP: 37/76 MP: 12/12
  6840 | D:9      | Killed a two-headed ogre
  6923 | D:9      | Found a glowing silver altar of Zin.
  6925 | D:9      | Found an ancient bone altar of Kikubaaqudgha.
  7075 | D:9      | Found Venogawn's Antique Armour Boutique.
  7085 | D:9      | Reached skill level 9 in Axes
  7517 | D:10     | Entered Level 10 of the Dungeon
  7967 | D:10     | Reached *** piety under Qazlal
  7994 | D:9      | HP: 3/77 [poisoned by a killer bee]
  8362 | D:10     | Noticed grandjackal's ghost (journeyman TeCj)
  8400 | D:10     | Killed grandjackal's ghost
  8663 | D:10     | Noticed Sonja
  8712 | D:10     | Asphyxiated

Vault maps used:
D:1:      evilmike_arrival_hilbert_curve, minmay_split_cup_small
D:2:      roderic_serpentine_path, uniq_crazy_yiuf_cottage
D:3:      first_bread, uniq_terence
D:4:      lemuel_doored_altar, minmay_temple_entry_statues, uniq_eustachio
D:5:      kennysheep_generic_room_8, uniq_ijyb
D:6:      kennysheep_big_flooded_room, overflow_temple_1_default,
          grunt_dithmenos_shadows, minmay_statues_item
D:7:      old_standard_altar, uniq_duvessa
D:8:      eat_drink_and_be_merry_uskayaw, grunt_lair_entry_orc_guard_hut
D:9:      nicolae_overflow_hidden_temple, serial_shops, shop
D:10:     david_nohive_1, uniq_sonja
Temple:   nicolae_temple_hex_pool

Skill      XL: |  1  2  3  4  5  6  7  8  9 10 |
---------------+-------------------------------+-----
Armour         | 3 4 5 6 |  6.4
Dodging        | 1 2 3 4 |  4.8
Axes           | 2 3 4 5 7 8 9 |  9.8
Shields        | 3 4 5 7 |  7.0
Fighting       | 4 5 6 |  6.5
Evocations     | 2 3 4 |  4.5

Action                   |  1- 3 |  4- 6 |  7- 9 | 10-12 || total
-------------------------+-------+-------+-------+-------++-------
Melee: War axe           |   119 |   131 |   322 |   207 ||   779
       Short sword       |     2 |       |       |       ||     2
       Peck              |       |       |    36 |       ||    36
Evoke: Wand              |       |       |     5 |       ||     5
  Use: Scroll            |     2 |     7 |     9 |     6 ||    24
       Potion            |     4 |     1 |     8 |     4 ||    17
  Eat: Bread ration      |     1 |     1 |     1 |       ||     3
       Meat ration       |       |     1 |       |       ||     1
       Royal jelly       |       |       |     3 |     4 ||     7
       Fruit             |       |       |       |     2 ||     2
Armor: Scale mail        |   105 |    68 |       |       ||   173
       Chain mail        |       |    27 |    54 |       ||    81
       Plate armour      |       |       |   141 |   183 ||   324
Dodge: Dodged            |    54 |    59 |    78 |    52 ||   243
Block: Shield            |   101 |    86 |   178 |   243 ||   608
